 Dungeon Crawl Stone Soup version 0.27-a0-1105-g946c659c87 (webtiles) character file.

Game seed: 5475509529098560702

11696 siradein the Nimble (level 11, 0/87 HPs)
             Began as a Vampire Brigand on Apr 29, 2021.
             Was a Priest of Dithmenos.
             Killed from afar by a gargoyle (27 damage)
             ... with a stone arrow
             ... on level 11 of the Dungeon on Apr 30, 2021.
             The game lasted 00:27:16 (9600 turns).

siradein the Nimble (Vampire Brigand)               Turns: 9600, Time: 00:27:16

Health: 0/87       AC: 10    Str: 10    XL:     11   Next: 52%
Magic:  11/11      EV: 17    Int: 15    God:    Dithmenos [***...]
Gold:   514        SH:  7    Dex: 18    Spells: 10/10 levels left

rFire    . . .     SeeInvis +   p - +1 dagger (elec)
rCold    . . .     Faith    .   j - +0 buckler
rNeg     . . .     Spirit   .   J - +0 troll leather armour
rPois    .         Reflect  .   (no helmet)
rElec    .         Harm     .   c - +0 cloak
rCorr    .         Rampage  .   (no gloves)
Will     +....                  G - +0 pair of boots
Stlth    ++++......             q - amulet of regeneration
HPRegen  2.44/turn              L - +4 ring of protection
MPRegen  0.12/turn              (no ring)

@: healing quickly, wreathed by umbra
A: alive, fangs 3, see invisible, unbreathing 1, vampiric 2
a: Exsanguinate, Renounce Religion, Shadow Step


You were on level 11 of the Dungeon.
You worshipped Dithmenos.
Dithmenos was most pleased with you.
You visited 2 branches of the dungeon, and saw 14 of its levels.

You collected 514 gold pieces.

Inventory:

Hand Weapons
 p - a +1 dagger of electrocution (weapon)
 H - a +0 great sword
Missiles
 d - 71 poisoned darts (quivered)
 e - 10 curare-tipped darts
 f - 5 throwing nets
 C - 3 javelins
Armour
 c - a +0 cloak (worn)
 j - a +0 buckler (worn)
 G - a +0 pair of boots (worn)
 J - a +0 troll leather armour (worn)
Jewellery
 q - an amulet of regeneration (around neck)
 u - an amulet of reflection
 B - an amulet of guardian spirit
 L - a +4 ring of protection (left hand)
 N - a ring of ice
Wands
 a - a wand of iceblast (18)
 i - a wand of digging (3)
 x - a wand of flame (20)
 I - a wand of polymorph (6)
Scrolls
 h - 2 scrolls of enchant weapon {unknown}
 k - 2 scrolls of blinking {unknown}
 l - 3 scrolls of enchant armour {unknown}
 s - 2 scrolls of teleportation {unknown}
 t - 2 scrolls of fear {unknown}
 v - a scroll of vulnerability {unknown}
 y - a scroll of acquirement {unknown}
 z - a scroll of summoning {unknown}
 A - a scroll of fog {unknown}
 E - a scroll of magic mapping {unknown}
 K - a scroll of holy word {unknown}
 M - a scroll of identify
Potions
 b - a potion of mutation
 g - 5 potions of cancellation
 m - 3 potions of lignification
 n - 3 potions of haste
 o - 4 potions of heal wounds
 r - 2 potions of ambrosia
 w - a potion of magic
 D - 3 potions of berserk rage
 F - 2 potions of curing


   Skills:
 + Level 8.9 Fighting
 - Level 10.0 Short Blades
 - Level 1.5 Throwing
 + Level 10.2 Dodging
 - Level 5.8 Stealth
 + Level 8.6 Shields


You had 10 spell levels left.
You didn't know any spells.
Your spell library contained the following spells:

 Spells                   Type           Power      Damage    Failure   Level
 Summon Small Mammal      Summ           0%         N/A       36%         1
 Call Imp                 Summ           0%         N/A       50%         2
 Call Canine Familiar     Summ           0%         N/A       73%         3
 Summon Guardian Golem    Hex/Summ       0%         N/A       73%         3
 Summon Ice Beast         Ice/Summ       0%         N/A       98%         4
 Summon Lightning Spire   Summ/Air       0%         N/A       98%         4


Dungeon Overview and Level Annotations

Branches:
Dungeon (13/15)            Temple (1/1) D:4            Lair (0/6) D:10
    Orc: D:9-12      Vaults: D:13-14

Altars:
Ashenzari
Cheibriados
Dithmenos
Elyvilon
Fedhas
Gozag
Hepliaklqana
Kikubaaqudgha
Makhleb
Nemelex Xobeh
Okawaru
Qazlal
Ru
Sif Muna
Trog
Uskayaw
Vehumet
Wu Jian
Xom
Yredelemnul
Zin
The Shining One

Shops:
D:2 *   D:7 :

Annotations:
D:8 exclusion: statue


Innate Abilities, Weirdness & Mutations

Your natural rate of healing is accelerated.
You have razor-sharp teeth.
You have supernaturally acute eyesight. (SInv)
You can survive without breathing.
You are afflicted with vampirism and can become a bat while bloodless.


Message History

You barely miss the gargoyle.
The gargoyle is almost destroyed.
The gargoyle hurls a stone arrow at you.
The stone arrow misses you.
You completely miss the gargoyle.
The gargoyle is severely damaged.
You hit the gargoyle but do no damage.
You bite the gargoyle, but do no damage.
The gargoyle is severely damaged.
You block the gargoyle's attack.
You hit the gargoyle but do no damage.
The gargoyle is severely damaged.
You hit the gargoyle but do no damage.
The gargoyle is severely damaged.
You block the gargoyle's attack.
You hit the gargoyle but do no damage.
You bite the gargoyle, but do no damage.
The gargoyle is severely damaged.
You hit the gargoyle but do no damage.
The gargoyle is severely damaged.
The gargoyle hurls a stone arrow at you.
The stone arrow hits you!!
You hit the gargoyle but do no damage.
The gargoyle is severely damaged.
You hit the gargoyle but do no damage.
The gargoyle is severely damaged.
You block the gargoyle's attack.
There is a stone staircase leading up, spattered with blood here.
You barely miss the gargoyle.
The gargoyle is severely damaged.
You hit the gargoyle but do no damage. Your bite misses the gargoyle.
The gargoyle is severely damaged.
The gargoyle hits you with a +0 morningstar of holy wrath!!
You convulse!!
* * * LOW HITPOINT WARNING * * *
You closely miss the gargoyle.
The gargoyle is severely damaged.
The gargoyle hurls a stone arrow at you.
The stone arrow hits you!!
You die...

########## #......#.#
####.#.#.#######+## ..
####....@#........# #.#
#.......9.†.......# ..
#.................# #.#
#.................# #..
#.................# #..#
#.................# #...
#.................# #...
#.................# #...
#.........############...


You could see a gargoyle.

Vanquished Creatures
  Harold (D:9)
  Erolcha (D:10)
  A boulder beetle (D:11)
  A two-headed ogre (D:9)
  Sonja (D:10)
  Maurice (D:8)
  A komodo dragon (D:10)
  A troll (D:10)
  Grinder (D:6)
  A hornet (D:8)
  A meliai zombie (D:10)
  A shadow (D:11)
  2 wyverns
  6 yaks
  A steam dragon (D:10)
  Grum (D:9)
  Duvessa (D:5)
  Edmund (D:6)
  2 water moccasins (D:10)
  5 orc warriors
  A black bear (D:10)
  An ogre (D:5)
  4 wolves (D:9)
  4 necrophages
  3 centaurs
  4 phantoms
  2 kobold brigands
  Blork the orc (D:4)
  5 bullfrogs
  4 scorpions
  A water moccasin zombie (D:6)
  Dowan (D:5)
  23 killer bees
  A water moccasin skeleton (D:7)
  3 wights (D:7)
  5 centaur zombies
  A bullfrog zombie (D:5)
  4 hounds
  4 orc priests
  A centaur skeleton (D:5)
  A gnoll shaman (D:5)
  2 bullfrog skeletons
  An iguana (D:5)
  10 orc wizards
  2 hound skeletons (D:4)
  5 howler monkey zombies
  13 gnolls
  5 adders
  2 shadow imps
  2 white imps
  An adder zombie (D:5)
  A worm (D:2)
  A dart slug (D:4)
  27 orcs
  6 endoplasms
  2 giant cockroaches
  5 goblins
  7 hobgoblins
  8 jackals
  13 kobolds
  3 quokkas
  6 ball pythons
  3 bats
  5 frilled lizards
  8 rats
243 creatures vanquished.

Vanquished Creatures (others)
  33 fungi (D:10)
  23 plants (D:10)
56 creatures vanquished.

Grand Total: 299 creatures vanquished

Notes
Turn   | Place    | Note
-------+----------+-------------------------------------------
     0 | D:1      | siradein the Vampire Brigand began the quest for the Orb.
     0 | D:1      | Reached XP level 1. HP: 16/16 MP: 1/1
    88 | D:1      | Reached XP level 2. HP: 19/22 MP: 2/2
   201 | D:1      | Found a faded altar of an unknown god.
   462 | D:1      | Gained mutation: You are afflicted with vampirism and can
                  | become a bat while bloodless. [Vampire growth]
   462 | D:1      | Reached XP level 3. HP: 26/27 MP: 3/3
   673 | D:2      | Noticed a necrophage
   721 | D:2      | Found Uraidapt's General Store.
  1243 | D:3      | Reached XP level 4. HP: 22/33 MP: 4/4
  1281 | D:3      | Reached skill level 5 in Short Blades
  1320 | D:3      | Reached XP level 5. HP: 35/38 MP: 5/5
  1339 | D:3      | Found a burning altar of Makhleb.
  2465 | D:4      | Noticed a phantom
  2483 | D:4      | Killed a phantom
  2484 | D:4      | Reached XP level 6. HP: 37/44 MP: 6/6
  2620 | D:4      | Noticed Blork the orc
  2686 | D:4      | Killed Blork the orc
  2786 | D:4      | Found a staircase to the Ecumenical Temple.
  2799 | Temple   | Entered the Ecumenical Temple
  3275 | D:5      | Entered Level 5 of the Dungeon
  3324 | D:5      | Reached XP level 7. HP: 49/49 MP: 7/7
  3915 | D:5      | Noticed Duvessa
  3916 | D:5      | Noticed Dowan
  4095 | D:5      | Killed Duvessa
  4192 | D:5      | Reached skill level 10 in Short Blades
  4273 | D:5      | Killed Dowan
  4274 | D:5      | Reached skill level 1 in Shields
  4274 | D:5      | Reached XP level 8. HP: 56/56 MP: 8/8
  4648 | D:6      | Noticed Edmund
  4661 | D:6      | Killed Edmund
  4687 | D:6      | Found a hazy altar of Hepliaklqana.
  4690 | D:6      | Found a shimmering blue altar of Sif Muna.
  4704 | D:6      | Reached XP level 9. HP: 65/65 MP: 9/9
  4870 | D:6      | Found a shimmering altar of Xom.
  4870 | D:6      | Noticed Grinder
  4875 | D:6      | Killed Grinder
  4876 | D:6      | Reached skill level 5 in Dodging
  5010 | D:6      | Found a shadowy altar of Dithmenos.
  5015 | D:6      | Became a worshipper of Dithmenos the Shadowed
  5279 | D:7      | Found Lebyunu's Book Shoppe.
  5315 | D:7      | Reached skill level 5 in Fighting
  6058 | D:7      | Reached skill level 5 in Shields
  6068 | D:8      | Reached * piety under Dithmenos
  6213 | D:8      | Found a radiant altar of Vehumet.
  6496 | D:7      | Reached XP level 10. HP: 71/76 MP: 10/10
  6594 | D:8      | Noticed Maurice
  6598 | D:8      | Noticed Harold
  6962 | D:9      | Noticed Grum
  6990 | D:9      | Killed Grum
  7077 | D:9      | You fall into a shaft and drop 3 floors!
  7077 | D:12     | Noticed a two-headed ogre
  7077 | D:12     | Noticed a two-headed ogre
  7077 | D:12     | Noticed an ogre mage
  7077 | D:12     | Noticed a two-headed ogre
  7078 | D:12     | Noticed a two-headed ogre
  7079 | D:12     | Noticed a gargoyle
  7217 | D:10     | Entered Level 10 of the Dungeon
  7415 | D:10     | Noticed Erolcha
  7419 | D:10     | Killed Erolcha
  7470 | D:10     | Noticed Sonja
  7485 | D:10     | Reached ** piety under Dithmenos
  7530 | D:10     | Killed Sonja
  7695 | D:10     | Noticed a two-headed ogre
  7744 | D:10     | Found a staircase to the Lair.
  7855 | D:10     | Reached XP level 11. HP: 82/86 MP: 11/11
  8616 | D:9      | Reached *** piety under Dithmenos
  8805 | D:9      | Noticed a two-headed ogre
  8862 | D:9      | Killed a two-headed ogre
  8941 | D:9      | Found a sparkling altar of Nemelex Xobeh.
  8941 | D:9      | Found a snail-covered altar of Cheibriados.
  8941 | D:9      | Found a basalt altar of Yredelemnul.
  9142 | D:9      | Killed Harold
  9200 | D:8      | Killed Maurice
  9201 | D:8      | Reached skill level 10 in Dodging
  9388 | D:11     | Noticed a boulder beetle
  9428 | D:11     | Killed a boulder beetle
  9600 | D:11     | Killed from afar by a gargoyle

Illustrated notes

Levels and vault maps discovered:
D:1:      mrwooster_arrival_statue_3, layout_basic,
          ebering_ecumenical_altar_rust, minmay_pentomino_w2
D:2:      layout_rooms, serial_shops, shop
D:3:      layout_loops_ring, old_standard_altar
D:4:      layout_basic, temple_hall, uniq_blork_the_orc
D:5:      layout_gridville, uniq_duvessa
D:6:      layout_gridville, kennysheep_little_box, grunt_temple_overflow_open,
          xom_butterflies, st_stairs_3, chequers_decorated_corner, uniq_edmund,
          uniq_grinder
D:7:      layout_loops_ring, serial_shops, nicolae_shop_waterfront
D:8:      layout_rooms, vehumet_statue, uniq_harold, uniq_maurice
D:9:      layout_roguey, nicolae_tso_swordbearing_angel,
          gammafunk_temple_overflow_claw, uniq_grum
D:10:     layout_rooms, due_lair_maze_entry_diamond, serial_co_window_serial,
          co_window_corner_a, co_window_paths_b, co_window_paths_b,
          co_window_paths_a, co_window_of_opportunity_a, co_window_corner_a,
          co_window_paths_a, co_window_cross_4, co_window_cross_4,
          co_window_broadway_b, co_window_corner_b, co_window_paths_d,
          glass_columns_a, glass_columns_c, glass_columns_a, glass_columns_c,
          glass_columns_a, chequers_serial_rivers_marsh, uniq_sonja,
          uniq_erolcha
D:11:     layout_basic, zombieorc1_lemuel
D:12:     kennysheep_green_arena, layout_loops_ring, serial_shops,
          kennysheep_mini_moat, shop
D:13:     layout_cave_pods, david_vaults_2
Temple:   jpeg_temple_clearing

Skill      XL: |  1  2  3  4  5  6  7  8  9 10 11 |
---------------+----------------------------------+-----
Short Blades   | 3 4 5 7 8 10 | 10.0
Fighting       | 2 4 6 7 8 |  8.9
Dodging        | 2 4 7 9 10 | 10.2
Shields        | 1 3 5 7 8 |  8.6
Throwing       | |  1.5
Stealth        | |  5.8

Action                   |  1- 3 |  4- 6 |  7- 9 | 10-12 || total
-------------------------+-------+-------+-------+-------++-------
Melee: Dagger            |   126 |   134 |   415 |   548 ||  1223
       Bite              |     8 |    10 |    58 |    76 ||   152
Throw: Dart              |       |       |       |    10 ||    10
  Use: Scroll            |       |       |       |     8 ||     8
       Potion            |       |       |       |     2 ||     2
 Stab: Sleeping          |    14 |     9 |     8 |     4 ||    35
       Distracted        |       |     2 |     1 |     1 ||     4
Armor: Robe              |    23 |    10 |    20 |    11 ||    64
       Troll leather arm |       |       |       |    11 ||    11
Dodge: Dodged            |    57 |    41 |   135 |   252 ||   485
Block: Buckler           |     7 |    21 |    47 |   110 ||   185

Table legend: (Time is in decaauts)
 A = Elapsed time spent in this place.
 B = Non-inter-level travel time spent in this place.
 C = Inter-level travel time spent in this place.
 D = Time resting spent in this place.
 E = Time spent auto-exploring this place.
 F = Levels seen in this place.
 G = Mean time per level.
                   A        B        C        D        E       F      G
               +--------+--------+--------+--------+--------+-----+--------+
         Total |   9125 |   8788 |    337 |    283 |   6062 |  14 |  651.8 |
       Dungeon |   8982 |   8645 |    337 |    283 |   5938 |  13 |  690.9 |
        Temple |    142 |    142 |      0 |      0 |    124 |   1 |  142.0 |
               +--------+--------+--------+--------+--------+-----+--------+

Top non-repeatable levels by time:
    D:10: 1284 daAuts
     D:5: 1111 daAuts
     D:9: 992 daAuts
     D:3: 986 daAuts
     D:4: 947 daAuts
     D:7: 820 daAuts
     D:8: 752 daAuts
     D:1: 706 daAuts
     D:6: 590 daAuts
     D:2: 484 daAuts
    D:11: 213 daAuts
  Temple: 142 daAuts
    D:12: 67 daAuts
    D:13: 25 daAuts
